AoeStats
← TIMVP

Arena

509075823Analyzed
1v1 RM · 7d ago on Sep 25, 2026· 74m 8s· 2 players
Game mode
Random Map
Map size
Tiny (2 player)
Population
200
Speed
Normal
Resources
Standard
Victory
Conquest
Starting age
Dark Age
Ending age
Imperial Age
RankedLock teamsTeams togetherTeam positionsShared explorationLock speedFull tech treeHidden civsTurbo modeCheats
Victory
Defeat
🇹🇼 Varangians · Taiwan
513
+16
🇵🇪 Danes · Peru
519
-16
Slaine
12:08 Feudal Age
13:52 Wheelbarrow
15:19 Horse Collar
15:26 Double-Bit Axe
18:53 Castle Age
21:09 Bow Saw
23:31 Scale Mail Armor
23:42 Forging
26:10 Gold Mining
26:10 Stone Mining
27:34 Heavy Plow
27:45 Scale Barding Armor
27:55 Gambesons
28:11 Squires
27:31 Pikeman
27:59 Arson
30:56 Hand Cart
31:50 Stone Shaft Mining
31:27 Loom
33:31 Husbandry
33:42 Bloodlines
32:53 Light Cavalry
33:00 Vendel Legacy
36:52 Imperial Age
37:06 Ballistics
36:26 Treadmill Crane
36:42 Murder Holes
36:58 Masonry
37:43 Hussar
38:52 Elite Varangian Guard
47:28 Iron Casting
47:09 Chain Mail Armor
47:14 Chain Barding Armor
46:46 Fletching
47:40 Conscription
46:41 Gothikon
54:53 Blast Furnace
55:16 Plate Barding Armor
55:12 Plate Mail Armor
54:38 Bodkin Arrow
55:44 Crop Rotation
56:18 Two-Man Saw
59:33 Onager
64:47 Bracer
66:35 Siege Engineers
67:31 Chemistry
TIMVP
0:56 Loom
12:14 Feudal Age
12:50 Double-Bit Axe
13:04 Gold Mining
14:03 Wheelbarrow
18:16 Horse Collar
20:49 Castle Age
20:16 Stone Mining
20:55 Man-at-Arms
23:17 Heavy Plow
25:25 Gold Mining
26:41 Long Swordsman
28:57 Gambesons
30:20 Hand Cart
35:07 Imperial Age
35:13 Imperial Age
34:12 Scale Mail Armor
34:23 Forging
36:04 Chain Mail Armor
36:25 Iron Casting
35:27 Two-Handed Swordsman
36:05 Capped Ram
36:36 Champion
37:50 Plate Mail Armor
39:49 Hamask
41:21 Stone Shaft Mining
41:22 Gold Shaft Mining
40:15 Elite Varangian Guard
41:33 Conscription
44:55 Blast Furnace
60:14 Elite Jomsviking
60:40 Siege Ram
68:15 Onager
69:13 Pikeman
69:54 Squires
69:34 Siege Onager
70:30 Halberdier
72:36 Halberdier
Connection lost

Rejoining the realm…

Still unreachable

The connection could not be restored.

Session expired

The server has moved on; the page needs a fresh start.